 Dungeon Sprint DCSS version 0.25.1-2-g60ff931df9 (webtiles) character file.

Game seed: 3438762986723509570

89825 howech the Sharpshooter (level 15, -15/132 HPs)
             Began as a Gnoll Fire Elementalist on Oct 28, 2020.
             Was the Champion of Okawaru.
             Killed from afar by a white draconian (30 damage)
             ... with a chilling blast
             ... in the Dungeon (Sprint V: "Ziggurat Sprint").
             The game lasted 00:33:07 (3583 turns).

howech the Sharpshooter (Gnoll Fire Elementalist)   Turns: 3583, Time: 00:33:08

Health: -15/132    AC: 35    Str: 11    XL:     15   Next: 98%
Magic:  18/36      EV: 18    Int: 24    God:    Okawaru [******]
Gold:   0          SH: 39    Dex: 21    Spells: 25/48 levels left

rFire    + + .     SeeInvis +   a - +7 Screaming Sword {vorpal, sonic wave}
rCold    x . .     Gourm    .   F - +18 shield of the Gong {rElec rN+ MR+ EV-5}
rNeg     + + .     Faith    .   Q - +5 fire dragon scales
rPois    .         Spirit   .   Y - +1 helmet {SInv}
rElec    +         Reflect  +   O - +3 cloak of the Falcon {rN+ Slay+5}
rCorr    .         Harm     .   J - +3 pair of gauntlets of War {Slay+5}
MR       +++..     NoTele   +   G - +0 pair of boots of Gosekk {MR+}
Stlth    +++++++...             Z - amulet of reflection
HPRegen  0.32/turn              z - +6 ring of dexterity
MPRegen  0.25/turn              S - ring of wizardry

@: heroism, finesse, slightly contaminated, studying 3 skills
A: distributed training, fangs 1, strong nose
a: Heroism, Finesse, Renounce Religion


You were in the Dungeon.
You worshipped Okawaru.
Okawaru was exalted by your worship.
You were not hungry.

You visited 1 branch

Inventory:

Hand Weapons
 a - the +7 Screaming Sword (weapon) {vorpal, sonic wave}
   (You found it in the Dungeon)

   It inflicts extra damage upon your enemies.
 k - the +7 hand axe of Twilight {vorpal, Fragile +Inv rC++ SInv}
   (You took it off a spriggan in the Dungeon)

   It inflicts extra damage upon your enemies.
   It greatly protects you from cold.
   It lets you see invisible.
   It lets you turn invisible.
   It will be destroyed if unequipped.
 m - the +8 spear of Law {venom, Str+4 SInv}
   (You found it in the Dungeon)

   It poisons the flesh of those it strikes.
   It affects your strength (+4).
   It lets you see invisible.
 K - the +12 Vampire's Tooth {vamp}
   (You found it in the Dungeon)

   It inflicts no extra harm, but heals its wielder when it wounds a living foe.
 M - the +8 autumn katana {vorpal, Clar}
   (You found it in the Dungeon)

   It inflicts extra damage upon your enemies.
   It protects you against confusion.
Armour
 F - the +18 shield of the Gong (worn) {rElec rN+ MR+ EV-5}
   (You found it in the Dungeon)

   It affects your evasion (-5).
   It insulates you from electricity.
   It protects you from negative energy.
   It affects your resistance to hostile enchantments.
 G - the +0 pair of boots of Gosekk (worn) {MR+}
   (Okawaru gifted it to you in the Dungeon)

   It affects your resistance to hostile enchantments.
 J - the +3 pair of gauntlets of War (worn) {Slay+5}
   (You found it in the Dungeon)

   It affects your accuracy and damage with ranged weapons and melee attacks
   (+5).
 O - the +3 cloak of the Falcon (worn) {rN+ Slay+5}
   (You found it in the Dungeon)

   It affects your accuracy and damage with ranged weapons and melee attacks
   (+5).
   It protects you from negative energy.
 Q - +5 fire dragon scales (worn)
 Y - a +1 helmet of see invisible (worn)
Magical Staves
 b - an uncursed staff of fire
Jewellery
 r - the ring "Taemomad" {rC+ Str+4}
   (You found it in the Dungeon)

   [ring of protection from cold]

   It affects your strength (+4).
   It protects you from cold.
 y - an uncursed ring of protection from fire
 z - a +6 ring of dexterity (left hand)
 A - a +6 ring of dexterity
 B - a +6 ring of intelligence
 C - a +6 ring of intelligence
 D - a +6 ring of strength
 E - a +6 ring of strength
 L - the amulet of Izexte Dayke {Spirit rElec MR+ Str-2 Dex+4}
   (You found it in the Dungeon)

   [amulet of guardian spirit]

   It causes incoming damage to be split between your health and magic.
   It affects your strength (-2).
   It affects your dexterity (+4).
   It insulates you from electricity.
   It affects your resistance to hostile enchantments.
 R - an uncursed ring of protection from magic
 S - a ring of wizardry (right hand)
 T - the ring "Simimau" {+Fly MR+ MP+9 SInv}
   (You took it off an orc warrior in the Dungeon)

   [ring of flight]

   It affects your resistance to hostile enchantments.
   It affects your magic capacity (+9).
   It lets you see invisible.
   It lets you fly.
 U - an uncursed ring of magical power
 V - the ring "Jyqonats" {rF- MR+ Slay+6}
   (You found it in the Dungeon)

   [ring of protection from magic]

   It affects your accuracy and damage with ranged weapons and melee attacks
   (+6).
   It makes you vulnerable to fire.
   It affects your resistance to hostile enchantments.
 X - an uncursed ring of resist corrosion
 Z - an amulet of reflection (around neck)
Wands
 v - a wand of disintegration (7)
 w - a wand of iceblast (7)
 x - a wand of acid (7)
Scrolls
 i - 4 scrolls of blinking
 p - 4 scrolls of amnesia
 q - 7 scrolls of fog
 s - 5 scrolls of identify
 t - 4 scrolls of remove curse
 u - 2 scrolls of fear
 N - 6 scrolls of brand weapon
Potions
 d - 10 potions of curing
 e - 2 potions of heal wounds
 f - 7 potions of haste
 g - 7 potions of magic
 h - 3 potions of berserk rage
 j - a potion of brilliance
 l - 2 potions of resistance
 n - 5 potions of stabbing
 o - 5 potions of might
Books
 H - a manual of Poison Magic
 P - a manual of Crossbows
 W - a manual of Axes
Miscellaneous
 I - a lightning rod (4/4)
Comestibles
 c - 5 rations


   Skills:
 + Level 16.5(21.5) Fighting
 + Level 16.5(21.5) Short Blades
 + Level 16.5(21.5) Long Blades
 + Level 16.7(21.7) Axes
 + Level 16.5(21.5) Maces & Flails
 + Level 16.5(21.5) Polearms
 + Level 16.5(21.5) Staves
 + Level 16.5(21.5) Slings
 + Level 16.5(21.5) Bows
 + Level 19.7(24.7) Crossbows
 + Level 16.5(21.5) Throwing
 + Level 16.5(21.5) Armour
 + Level 17.0(22.0) Dodging
 + Level 16.9(21.9) Stealth
 + Level 16.5(21.5) Shields
 + Level 16.5(21.5) Unarmed Combat
 + Level 17.1 Spellcasting
 + Level 14.4 Conjurations
 + Level 14.3 Hexes
 + Level 14.3 Charms
 + Level 14.3 Summonings
 + Level 14.3 Necromancy
 + Level 14.3 Translocations
 + Level 14.3 Transmutations
 + Level 15.1 Fire Magic
 + Level 14.3 Ice Magic
 + Level 14.3 Air Magic
 + Level 14.3 Earth Magic
 + Level 17.4 Poison Magic
 + Level 17.8 Invocations
 + Level 16.5 Evocations


You had 25 spell levels left.
You knew the following spells:

 Your Spells              Type           Power        Failure   Level  Hunger
a - Foxfire               Conj/Fire      ####         0%          1    None
b - Fireball              Conj/Fire      #######...   1%          5    None
c - Ignition              Fire           #######...   38%         8    #######
d - Shatter               Erth           ######....   100%        9    #######

Your spell library contained the following spells:

 Spells                   Type           Power        Failure   Level  Hunger
 Animate Skeleton         Necr           N/A          0%          1    None
 Apportation              Tloc           ######       0%          1    None
 Beastly Appendage        Tmut           ######       0%          1    None
 Corona                   Hex            ######.      0%          1    None
 Freeze                   Ice            ####         0%          1    None
 Infusion                 Chrm           ####         0%          1    None
 Magic Dart               Conj           ####         0%          1    None
 Pain                     Necr           ####         0%          1    None
 Sandblast                Erth           ######       0%          1    None
 Shock                    Conj/Air       ####         0%          1    None
 Sting                    Tmut/Pois      ####         0%          1    None
 Summon Butterflies       Summ           ######..     0%          1    None
 Poisonous Vapours        Pois/Air       ######       0%          2    None
 Blink                    Tloc           N/A          1%          2    None
 Call Imp                 Summ           ######..     1%          2    None
 Corpse Rot               Necr/Air       N/A          1%          2    None
 Ensorcelled Hibernation  Hex/Ice        ######       1%          2    None
 Passwall                 Tmut/Erth      ######..     1%          2    None
 Searing Ray              Conj           ######       1%          2    None
 Shroud of Golubria       Chrm/Tloc      ######       1%          2    None
 Slow                     Hex            ######..     1%          2    None
 Song of Slaying          Chrm           ######..     1%          2    None
 Sticks to Snakes         Tmut           ######..     1%          2    None
 Sublimation of Blood     Necr           ######....   1%          2    None
 Swiftness                Chrm/Air       ######..     1%          2    None
 Confusing Touch          Hex            ######..     1%          3    None
 Conjure Flame            Conj/Fire      #######.     1%          3    None
 Dazzling Flash           Conj/Hex       ######       1%          3    None
 Frozen Ramparts          Ice            ######       1%          3    None
 Gell's Gravitas          Tloc           ######....   1%          3    None
 Ignite Poison            Fire/Tmut/Pois #######.     1%          3    None
 Inner Flame              Hex/Fire       ######..     1%          3    None
 Lesser Beckoning         Tloc           ######....   1%          3    None
 Mephitic Cloud           Conj/Pois/Air  #######.     1%          3    None
 Ozocubu's Armour         Chrm/Ice       ######..     1%          3    None
 Portal Projectile        Hex/Tloc       ######       1%          3    None
 Recall                   Summ/Tloc      N/A          1%          3    None
 Spider Form              Tmut/Pois      #######...   1%          3    None
 Static Discharge         Conj/Air       ######..     1%          3    None
 Stone Arrow              Conj/Erth      ######       1%          3    None
 Summon Guardian Golem    Hex/Summ       ######..     1%          3    None
 Tukima's Dance           Hex            ######..     1%          3    None
 Vampiric Draining        Necr           ######....   1%          3    None
 Airstrike                Air            ######....   1%          4    None
 Cause Fear               Hex            ######....   1%          4    None
 Fulminant Prism          Conj/Hex       ######....   1%          4    None
 Hailstorm                Conj/Ice       ######..     1%          4    None
 Ice Form                 Ice/Tmut       ######..     1%          4    None
 Iskenderun's Mystic Bla  Conj/Tloc      ######..     1%          4    None
 Leda's Liquefaction      Hex/Erth       ######....   1%          4    None
 Olgreb's Toxic Radiance  Pois           #######.     1%          4    None
 Passage of Golubria      Tloc           N/A          1%          4    None
 Petrify                  Tmut/Erth      ######..     1%          4    None
 Sticky Flame             Conj/Fire      #######.     1%          4    None
 Summon Ice Beast         Ice/Summ       ######..     1%          4    None
 Summon Lightning Spire   Summ/Air       ######..     1%          4    None
 Alistair's Intoxication  Tmut/Pois      #######.     1%          5    None
 Blade Hands              Tmut           ######....   1%          5    None
 Bolt of Magma            Conj/Fire/Erth ######....   1%          5    None
 Borgnjor's Vile Clutch   Necr/Erth      ######....   1%          5    None
 Excruciating Wounds      Chrm/Necr      ######....   1%          5    None
 Irradiate                Conj/Tmut      ######....   1%          5    None
 Iskenderun's Battlesphe  Conj/Chrm      ######..     1%          5    None
 Lee's Rapid Deconstruct  Erth           ######....   1%          5    None
 Lightning Bolt           Conj/Air       ######....   1%          5    None
 Silence                  Hex/Air        ######....   1%          5    None
 Summon Forest            Summ/Tloc      ######....   1%          5    None
 Summon Mana Viper        Hex/Summ       ######..     1%          5    None
 Yara's Violent Unravell  Hex/Tmut       ######....   1%          5    None
 Conjure Ball Lightning   Conj/Air       ######....   1%          6    ####...
 Darkness                 Hex            ######....   1%          6    ####...
 Dispersal                Tloc           ######....   1%          6    ####...
 Eringya's Noxious Bog    Tmut/Pois      #######...   1%          6    ####...
 Hydra Form               Tmut           ######....   1%          6    ####...
 Invisibility             Hex            ######..     1%          6    ####...
 Iron Shot                Conj/Erth      ######....   1%          6    ####...
 Ozocubu's Refrigeration  Ice            ######....   1%          6    ####...
 Shadow Creatures         Summ           N/A          1%          6    ####...
 Starburst                Conj/Fire      #######...   1%          6    ####...
 Statue Form              Tmut/Erth      ######...    1%          6    ####...
 Ring of Flames           Chrm/Fire      ######....   7%          7    #####..
 Summon Hydra             Summ           ######....   8%          7    #####..
 Chain Lightning          Conj/Air       ######....   50%         8    #######
 Controlled Blink         Tloc           N/A          50%         8    #######
 Disjunction              Tloc           ######....   50%         8    #######
 Lehudib's Crystal Spear  Conj/Erth      ######....   50%         8    #######
 Fire Storm               Conj/Fire      #######...   99%         9    #######
 Absolute Zero            Ice            ######....   100%        9    #######
 Tornado                  Air            ######....   100%        9    #######


Dungeon Overview and Level Annotations

Branches:
Dungeon (1/1)

Altars:
Ashenzari
Cheibriados
Dithmenos
Elyvilon
Fedhas
Gozag
Hepliaklqana
Kikubaaqudgha
Makhleb
Nemelex Xobeh
Okawaru
Qazlal
Ru
Sif Muna
Trog
Uskayaw
Vehumet
Wu Jian
Xom
Yredelemnul
Zin
The Shining One
Beogh
Jiyva
Lugonu

Annotations:
D 1 transporter


Innate Abilities, Weirdness & Mutations

Your experience applies equally to all skills.
You have very sharp teeth.
Your uncanny sense of smell can sniff out nearby items.


Message History

You block the green draconian's attack.
GONNNNG!
You block the green draconian's attack.
GONNNNG!
The red draconian scorcher misses you.
The black draconian shifter gestures at you while chanting.
You blink.
Found a transporter.
The yellow draconian throws acid at you.
The glob of acid hits you but does no damage.
You are splashed with acid!
The black draconian shifter blinks!
Unknown command.
You block the black draconian's attack.
GONNNNG!
The white draconian breathes frost at you.
The chilling blast hits you!!!
You feel a terrible chill!
* * * LOW HITPOINT WARNING * * *
The white draconian breathes frost at you.
The chilling blast hits you!!
You feel a terrible chill!
You die...

▓▓▓▓▓▓▓▓▓▓▓▓▓▓▓▓▓ ............
.8©8.......▓.......©....
...:d}"[:[|.)...▓▓▓▓▓▓▓▓▓▓▓▓▓
..dqd[=):}||)...▓......8©8...
...}":)|=::}):...▓...}=))).)[[
▓.................▓..)||)}|.=))
▓....q.....dq.....▓......}}....
▓.......dd.ddddd..▓............
▓......ddq.d.q@...▓.......)....
▓.....d.ddqddd....▓.......))...
▓......d[d.qq.....▓............
▓.....dddd.d......▓.......)....
▓.................▓............
▓...▓.........▓...▓...▓.......▓
▓.. ▓▓.......▓▓▓..▓..▓▓▓.....▓▓
..▓.........▓...▓...▓.......▓
▓................ ............


You could see a purple draconian monk, 3 draconians, 4 draconians, 3 draconians,
2 draconians, 5 draconians, a red draconian, 7 draconians and 2 draconians.

Vanquished Creatures
  A pandemonium lord (D)
  A greater mummy (D)
  A lich (D)
  2 Tzitzimimeh (D)
  2 deep elf blademasters (D)
  2 deep elf master archers (D)
  An acid blob (D)
  2 shadow dragons (D)
  An azure jelly (D)
  A draconian monk (D)
  A deep elf sorcerer (D)
  A balrug (D)
  A draconian annihilator (D)
  5 ghouls (D)
  4 reapers (D)
  A deep elf annihilator (D)
  A yellow draconian (D)
  2 spark wasps (D)
  4 mummy priests (D)
  4 death oozes (D)
  3 fire dragons (D)
  2 deep elf high priests (D)
  2 ice dragons (D)
  A two-headed ogre (D)
  4 dancing weapons (D)
  A vampire mage (D)
  A death scarab (D)
  2 hell hogs (D)
  A sun demon (D)
  A skeletal warrior (D)
  4 soul eaters (D)
  A glowing orange brain (D)
  2 orc knights (D)
  3 deep elf archers (D)
  A necromancer (D)
  3 wolf spiders (D)
  A shining eye (D)
  2 orc sorcerers (D)
  10 deep elf magi (D)
  A moth of wrath (D)
  An orange demon (D)
  5 eyes of devastation (D)
  3 hellions (D)
  A tormentor (D)
  A demonic crawler (D)
  2 efreet (D)
  3 guardian mummies (D)
  4 red devils (D)
  A jumping spider (D)
  4 trolls (D)
  8 slime creatures (D)
  2 hornets (D)
  5 flying skulls (D)
  A redback (D)
  6 spriggans (D)
  7 shadows (D)
  2 tarantellas (D)
  3 vampires (D)
  5 wraiths (D)
  A yak (D)
  2 chaos spawn (D)
  2 fire elementals (D)
  2 hell hounds (D)
  3 floating eyes (D)
  A porcupine (D)
  2 black bears (D)
  4 orc warriors (D)
  3 phantoms (D)
  3 necrophages (D)
  2 ogres (D)
  4 wolves (D)
  4 wights (D)
  A quasit (D)
  2 jellies (D)
  3 iron imps (D)
  3 orc wizards (D)
  8 mummies (D)
  A river rat (D)
  A shadow imp (D)
  2 white imps (D)
  9 adder zombies (D)
  4 oozes (D)
  3 adder skeletons (D)
  3 orcs (D)
  6 bat skeletons (D)
  8 bat zombies (D)
  2 ball python zombies (D)
  2 giant cockroach zombies (D)
  A leopard gecko skeleton (D)
  A leopard gecko zombie (D)
  2 quokka zombies (D)
  2 fire vortices (D)
245 creatures vanquished.

Vanquished Creatures (others)
  An adder zombie (D)
1 creature vanquished.

Grand Total: 246 creatures vanquished

Notes
Turn   | Place    | Note
-------+----------+-------------------------------------------
     0 | D        | howech the Gnoll Fire Elementalist began the quest for the
                  | Orb.
     0 | D        | Reached XP level 1. HP: 13/13 MP: 6/6
     5 | D        | Found a blossoming altar of Fedhas.
     6 | D        | Found the +6 Majin-Bo {vamp, Archmagi MP+6 Int+6}
     6 | D        | Found the +7 great mace "Firestarter" {inner flame, rF++}
     7 | D        | Found a shimmering blue altar of Sif Muna.
     7 | D        | Found a sacrificial altar of Ru.
     7 | D        | Found a bloodstained altar of Trog.
     7 | D        | Found a stormy altar of Qazlal.
     7 | D        | Found an iron altar of Okawaru.
     7 | D        | Found a sparkling altar of Nemelex Xobeh.
     9 | D        | Found a transporter.
     9 | D        | Found an ancient bone altar of Kikubaaqudgha.
     9 | D        | Found a viscous altar of Jiyva.
     9 | D        | Found a corrupted altar of Lugonu.
     9 | D        | Found a hazy altar of Hepliaklqana.
     9 | D        | Found a burning altar of Makhleb.
     9 | D        | Found an opulent altar of Gozag.
    25 | D        | Found the +9 heavy crossbow "Sniper" {vorpal, Acc+∞ SInv}
    25 | D        | Found the +10 dark maul {vorpal}
    25 | D        | Found the +15 Maxwell's patent armour {-Cast -Tele rElec
                  | MR+ rCorr}
    25 | D        | Found the +18 shield of the Gong {rElec rN+ MR+ EV-5}
    25 | D        | Found the cursed +14 obsidian axe {vorpal, +Fly SInv
                  | *Curse}
    27 | D        | Found the +6 shillelagh "Devastator" {shatter}
    27 | D        | Found the +11 plutonium sword {*Contam Stlth-}
    27 | D        | Found the +8 lance "Wyrmbane" {slay drac, rPois rF+ rC+
                  | AC+3}
    27 | D        | Found the +9 sword of Zonguldrok {reap}
    27 | D        | Found the cursed +13 scythe of Curses {drain, *Curse}
    27 | D        | Found the +0 sword of Power
    27 | D        | Found the +7 mace of Variability {chain chaos}
    27 | D        | Found the +7 Singing Sword {vorpal, sonic wave}
    27 | D        | Found the +8 storm bow {elec, penet}
    48 | D        | Became a worshipper of Warmaster Okawaru
    59 | D        | Reached skill level 2 in Crossbows
    59 | D        | Reached skill level 5 in Dodging
    59 | D        | Reached skill level 5 in Spellcasting
    59 | D        | Reached skill level 1 in Hexes
    59 | D        | Reached skill level 1 in Charms
    59 | D        | Reached skill level 1 in Summonings
    59 | D        | Reached skill level 1 in Necromancy
    59 | D        | Reached skill level 1 in Translocations
    59 | D        | Reached skill level 1 in Transmutations
    59 | D        | Reached skill level 1 in Ice Magic
    59 | D        | Reached skill level 1 in Air Magic
    59 | D        | Reached skill level 1 in Earth Magic
    59 | D        | Reached skill level 1 in Poison Magic
    59 | D        | Reached XP level 2. HP: 22/22 MP: 6/8
   179 | D        | Entered arena 2.
   179 | D        | Noticed a hell hound
   179 | D        | Found a transporter.
   185 | D        | Killed a hell hound
   185 | D        | Reached skill level 3 in Crossbows
   185 | D        | Reached skill level 5 in Stealth
   185 | D        | Reached XP level 3. HP: 29/29 MP: 8/10
   185 | D        | Reached XP level 4. HP: 35/35 MP: 9/12
   185 | D        | Reached XP level 5. HP: 41/41 MP: 9/13
   189 | D        | Got the +8 spear of Law {venom, Str+4 SInv}
   192 | D        | Entered arena 3.
   192 | D        | Noticed a slime creature
   192 | D        | Found a transporter.
   203 | D        | Killed a slime creature
   203 | D        | Reached * piety under Okawaru
   203 | D        | Reached skill level 4 in Crossbows
   203 | D        | Reached skill level 5 in Invocations
   203 | D        | Reached XP level 6. HP: 50/50 MP: 12/16
   207 | D        | Got Sif Muna's Volume of Clay and the Volcanoes
   213 | D        | Entered arena 4.
   213 | D        | Noticed a porcupine
   213 | D        | Noticed a yak
   213 | D        | Found a transporter.
   215 | D        | Killed a porcupine
   215 | D        | Reached skill level 5 in Fighting
   215 | D        | Reached skill level 5 in Short Blades
   215 | D        | Reached skill level 5 in Long Blades
   215 | D        | Reached skill level 5 in Axes
   215 | D        | Reached skill level 5 in Maces & Flails
   215 | D        | Reached skill level 5 in Polearms
   215 | D        | Reached skill level 5 in Staves
   215 | D        | Reached skill level 5 in Slings
   215 | D        | Reached skill level 5 in Bows
   215 | D        | Reached skill level 5 in Crossbows
   215 | D        | Reached skill level 5 in Throwing
   215 | D        | Reached skill level 5 in Armour
   215 | D        | Reached skill level 5 in Shields
   215 | D        | Reached skill level 5 in Unarmed Combat
   215 | D        | Reached skill level 5 in Evocations
   215 | D        | Reached XP level 7. HP: 56/56 MP: 14/17
   216 | D        | Reached ** piety under Okawaru
   221 | D        | Killed a yak
   221 | D        | Reached skill level 5 in Conjurations
   249 | D        | Entered arena 5.
   249 | D        | Noticed a spriggan
   249 | D        | Noticed a spriggan
   249 | D        | Found a transporter.
   250 | D        | Identified the +7 hand axe of Twilight {vorpal, Fragile
                  | +Inv rC++ SInv}
   258 | D        | Killed a spriggan
   258 | D        | Reached skill level 6 in Crossbows
   258 | D        | Reached skill level 5 in Hexes
   258 | D        | Reached skill level 5 in Charms
   258 | D        | Reached skill level 5 in Summonings
   258 | D        | Reached skill level 5 in Necromancy
   258 | D        | Reached skill level 5 in Translocations
   258 | D        | Reached skill level 5 in Transmutations
   258 | D        | Reached skill level 5 in Ice Magic
   258 | D        | Reached skill level 5 in Air Magic
   258 | D        | Reached skill level 5 in Earth Magic
   258 | D        | Reached skill level 5 in Poison Magic
   258 | D        | Reached XP level 8. HP: 17/64 MP: 20/20
   259 | D        | Reached *** piety under Okawaru
   260 | D        | Killed a spriggan
   501 | D        | Learned a level 5 spell: Fireball
   501 | D        | Entered arena 6.
   501 | D        | Noticed a deep elf mage
   501 | D        | Noticed a deep elf mage
   501 | D        | Noticed a deep elf archer
   501 | D        | Noticed a +0 mace of holy wrath
   501 | D        | Noticed a +2 mace of protection
   501 | D        | Found a transporter.
   506 | D        | Killed a +0 mace of holy wrath
   506 | D        | Reached **** piety under Okawaru
   506 | D        | Reached skill level 7 in Crossbows
   506 | D        | Reached XP level 9. HP: 61/72 MP: 18/21
   507 | D        | Noticed an orange demon
   510 | D        | Killed a deep elf mage
   512 | D        | Killed a deep elf mage
   516 | D        | Killed a deep elf archer
   516 | D        | Reached skill level 8 in Crossbows
   520 | D        | Killed a +2 mace of protection
   520 | D        | Reached ***** piety under Okawaru
   520 | D        | Received a gift from Okawaru
   520 | D        | Reached XP level 10. HP: 53/81 MP: 20/23
   744 | D        | Entered arena 7.
   745 | D        | Found a transporter.
   793 | D        | Entered arena 8.
   794 | D        | Found the +3 pair of gauntlets of War {Slay+5}
   794 | D        | Found the +8 trident of the Octopus King {venom, rElec
                  | rPois MR+}
   794 | D        | Found the +7 Kryia's mail coat {PotionHeal*2 rC+}
   794 | D        | Found the +12 Vampire's Tooth {vamp}
   794 | D        | Found a transporter.
   823 | D        | Entered arena 9.
   824 | D        | Found a transporter.
   828 | D        | Reached skill level 10 in Spellcasting
   832 | D        | Reached skill level 10 in Dodging
   870 | D        | Entered arena 10.
   870 | D        | Noticed Kovaett the pandemonium lord
   870 | D        | Noticed an orange demon
   870 | D        | Noticed a sun demon
   871 | D        | Found the +8 autumn katana {vorpal, Clar}
   871 | D        | Identified the +9 short sword "Iger" {flame, rC+ MR++
                  | Int+2}
   871 | D        | Found a transporter.
   873 | D        | Received a gift from Okawaru
   875 | D        | Reached skill level 9 in Crossbows
   877 | D        | Killed a sun demon
   877 | D        | Received a gift from Okawaru
   877 | D        | Reached skill level 10 in Stealth
   877 | D        | Reached skill level 10 in Invocations
   879 | D        | Killed an orange demon
   879 | D        | Received a gift from Okawaru
   883 | D        | Killed Kovaett the pandemonium lord
   883 | D        | Received a gift from Okawaru
   883 | D        | Received a gift from Okawaru
   883 | D        | Received a gift from Okawaru
   883 | D        | Reached ****** piety under Okawaru
   883 | D        | Received a gift from Okawaru
   883 | D        | Received a gift from Okawaru
   883 | D        | Reached skill level 10 in Fighting
   883 | D        | Reached skill level 10 in Short Blades
   883 | D        | Reached skill level 10 in Long Blades
   883 | D        | Reached skill level 10 in Axes
   883 | D        | Reached skill level 10 in Maces & Flails
   883 | D        | Reached skill level 10 in Polearms
   883 | D        | Reached skill level 10 in Staves
   883 | D        | Reached skill level 10 in Slings
   883 | D        | Reached skill level 10 in Bows
   883 | D        | Reached skill level 10 in Crossbows
   883 | D        | Reached skill level 10 in Throwing
   883 | D        | Reached skill level 10 in Armour
   883 | D        | Reached skill level 10 in Shields
   883 | D        | Reached skill level 10 in Unarmed Combat
   883 | D        | Reached skill level 10 in Fire Magic
   883 | D        | Reached skill level 10 in Evocations
   883 | D        | Reached XP level 11. HP: 85/92 MP: 13/26
   888 | D        | Got the amulet of Izexte Dayke {Spirit rElec MR+ Str-2
                  | Dex+4}
   946 | D        | Entered arena 11.
   946 | D        | Noticed a shining eye
   948 | D        | Found a transporter.
   959 | D        | Killed a shining eye
   970 | D        | Got Epin's Volume of Dislocation
   974 | D        | Got the Grimoire of Toxic Translocation
  1175 | D        | Entered arena 12.
  1175 | D        | Noticed an ice dragon
  1176 | D        | Noticed an ice dragon
  1176 | D        | Noticed a skeletal warrior
  1177 | D        | Identified the +7 hand crossbow of Xaryoc {penet, rElec
                  | rPois rN+}
  1177 | D        | Found a transporter.
  1180 | D        | Received a gift from Okawaru
  1180 | D        | Reached XP level 12. HP: 64/99 MP: 20/27
  1186 | D        | Killed an ice dragon
  1186 | D        | Received a gift from Okawaru
  1186 | D        | Reached skill level 11 in Crossbows
  1188 | D        | Killed an ice dragon
  1199 | D        | Got the Incunabulum of Summoning and the Blaze
  1231 | D        | Acquired the Disquisition on Enthralling Boosts
  1237 | D        | Got a pair of steaming boots {god gift}
  1249 | D        | Identified the +0 pair of boots of Gosekk {MR+} (Okawaru
                  | gifted it to you in the Dungeon)
  1329 | D        | Learned a level 8 spell: Ignition
  1331 | D        | Entered arena 13.
  1331 | D        | Noticed a hell hog
  1331 | D        | Noticed a hell hog
  1331 | D        | Noticed a fire dragon
  1332 | D        | Noticed a fire dragon
  1332 | D        | Noticed a fire dragon
  1334 | D        | Found a transporter.
  1340 | D        | Killed a fire dragon
  1348 | D        | Killed a fire dragon
  1348 | D        | Reached skill level 10 in Conjurations
  1348 | D        | Reached skill level 10 in Poison Magic
  1348 | D        | Killed a hell hog
  1352 | D        | Killed a fire dragon
  1352 | D        | Killed a hell hog
  1352 | D        | Reached skill level 10 in Hexes
  1352 | D        | Reached skill level 10 in Charms
  1352 | D        | Reached skill level 10 in Summonings
  1352 | D        | Reached skill level 10 in Necromancy
  1352 | D        | Reached skill level 10 in Translocations
  1352 | D        | Reached skill level 10 in Transmutations
  1352 | D        | Reached skill level 10 in Ice Magic
  1352 | D        | Reached skill level 10 in Air Magic
  1352 | D        | Reached skill level 10 in Earth Magic
  1363 | D        | Got the +3 cloak of the Falcon {rN+ Slay+5}
  1370 | D        | Got Uhis Bown's Compendium of Snow and Feathers
  1373 | D        | Entered arena 14.
  1374 | D        | Noticed a vampire mage
  1375 | D        | Noticed a ghoul
  1376 | D        | Found a transporter.
  1387 | D        | Killed a ghoul
  1389 | D        | Reached skill level 12 in Crossbows
  1389 | D        | Received a gift from Okawaru
  1394 | D        | Killed a vampire mage
  1406 | D        | Got the Handbook of Megalomania
  1408 | D        | Got the Grimoire of Shifting Attacks
  1640 | D        | Entered arena 15.
  1641 | D        | Noticed a spark wasp
  1641 | D        | Noticed a spark wasp
  1642 | D        | Found the +5 robe of Night {Dark MR+ SInv}
  1649 | D        | Killed a spark wasp
  1649 | D        | Received a gift from Okawaru
  1649 | D        | Reached XP level 13. HP: 107/108 MP: 22/30
  1654 | D        | Killed a spark wasp
  1657 | D        | Reached skill level 13 in Crossbows
  1658 | D        | Found a transporter.
  1666 | D        | Got the Papyrus of Dislocated Dark Rites
  1673 | D        | Got the Catalogue of Creation
  1680 | D        | Got the amulet of the Turtle {Faith rPois}
  1695 | D        | Learned a level 9 spell: Shatter
  1703 | D        | Entered arena 16.
  1706 | D        | Noticed a reaper
  1707 | D        | Noticed a reaper
  1710 | D        | Found a transporter.
  1717 | D        | Received a gift from Okawaru
  1719 | D        | Killed a reaper
  1719 | D        | Received a gift from Okawaru
  1723 | D        | Killed a reaper
  1748 | D        | Entered arena 17.
  1755 | D        | Identified the +8 trident of Invincibility {venom, +Rage
                  | rElec}
  1755 | D        | Identified the ring "Simimau" {+Fly MR+ MP+9 SInv}
  1759 | D        | Found a transporter.
  1776 | D        | Received a gift from Okawaru
  1776 | D        | Reached skill level 14 in Crossbows
  1887 | D        | Entered arena 18.
  1890 | D        | Noticed a death ooze
  1890 | D        | Noticed a death ooze
  1891 | D        | Found the +3 salamander hide armour {+Rage rF++}
  1891 | D        | Noticed an azure jelly
  1891 | D        | Noticed a death ooze
  1891 | D        | Noticed an acid blob
  1891 | D        | Noticed a death ooze
  1892 | D        | Found a transporter.
  1903 | D        | Killed a death ooze
  1904 | D        | Killed an acid blob
  1908 | D        | Killed a death ooze
  1908 | D        | Killed a death ooze
  1908 | D        | Reached XP level 14. HP: 32/117 MP: 21/32
  1909 | D        | Killed an azure jelly
  1909 | D        | Reached skill level 15 in Crossbows
  1919 | D        | Got the Catalogue of Unholy Venom
  1924 | D        | Got the ring "Jyqonats" {rF- MR+ Slay+6}
  2210 | D        | Entered arena 19.
  2213 | D        | Noticed a deep elf sorcerer
  2213 | D        | Noticed a deep elf master archer
  2213 | D        | Noticed a deep elf blademaster
  2214 | D        | Noticed a deep elf blademaster
  2214 | D        | Identified the +7 war axe of Bussuney {drain, rF+ MR+ SInv}
  2214 | D        | Noticed a deep elf master archer
  2214 | D        | Noticed a deep elf annihilator
  2217 | D        | Found a transporter.
  2229 | D        | Reached skill level 15 in Invocations
  2229 | D        | Received a gift from Okawaru
  2231 | D        | Killed a deep elf annihilator
  2231 | D        | Killed a deep elf sorcerer
  2231 | D        | Reached skill level 16 in Crossbows
  2231 | D        | Killed a deep elf blademaster
  2231 | D        | Received a gift from Okawaru
  2231 | D        | Reached skill level 15 in Dodging
  2231 | D        | Reached skill level 15 in Spellcasting
  2231 | D        | Killed a deep elf blademaster
  2231 | D        | Reached skill level 15 in Stealth
  2232 | D        | Killed a deep elf master archer
  2234 | D        | Received a gift from Okawaru
  2235 | D        | Killed a deep elf master archer
  2235 | D        | Reached skill level 15 in Poison Magic
  2258 | D        | Got Roxanne's Grimoire of Earth and Transformation
  2442 | D        | Entered arena 20.
  2448 | D        | Noticed a greater mummy
  2449 | D        | Found a transporter.
  2450 | D        | Reached skill level 17 in Crossbows
  2458 | D        | Reached skill level 15 in Fighting
  2458 | D        | Reached skill level 15 in Short Blades
  2458 | D        | Reached skill level 15 in Long Blades
  2458 | D        | Reached skill level 15 in Axes
  2458 | D        | Reached skill level 15 in Maces & Flails
  2458 | D        | Reached skill level 15 in Polearms
  2458 | D        | Reached skill level 15 in Staves
  2458 | D        | Reached skill level 15 in Slings
  2458 | D        | Reached skill level 15 in Bows
  2458 | D        | Reached skill level 15 in Throwing
  2458 | D        | Reached skill level 15 in Armour
  2458 | D        | Reached skill level 15 in Shields
  2458 | D        | Reached skill level 15 in Unarmed Combat
  2458 | D        | Reached skill level 15 in Evocations
  2458 | D        | Reached XP level 15. HP: 33/128 MP: 29/34
  2465 | D        | Killed a greater mummy
  2505 | D        | Got the ring "Taemomad" {rC+ Str+4}
  2870 | D        | Entered arena 21.
  2874 | D        | Noticed a Tzitzimitl
  2874 | D        | Noticed a shadow dragon
  2874 | D        | Noticed a ghoul
  2874 | D        | Noticed a Tzitzimitl
  2875 | D        | Noticed a ghoul
  2875 | D        | Noticed a ghoul
  2875 | D        | Noticed a shadow dragon
  2875 | D        | Noticed a ghoul
  2888 | D        | Killed a shadow dragon
  2888 | D        | Killed a Tzitzimitl
  2888 | D        | Reached skill level 18 in Crossbows
  2890 | D        | Killed a shadow dragon
  2890 | D        | Received a gift from Okawaru
  2891 | D        | Killed a ghoul
  2892 | D        | Found a transporter.
  2894 | D        | Killed a ghoul
  2897 | D        | Killed a ghoul
  2897 | D        | Killed a Tzitzimitl
  2901 | D        | Killed a ghoul
  2901 | D        | Received a gift from Okawaru
  2901 | D        | Reached skill level 19 in Crossbows
  3023 | D        | Got the ring "Bisus" {+Blink rElec Str+6 Stlth+}
  3275 | D        | Entered arena 22.
  3279 | D        | Noticed a lich
  3279 | D        | Noticed a balrug
  3281 | D        | Found the ring of Robustness {AC+8}
  3288 | D        | Found a transporter.
  3289 | D        | Killed a lich
  3290 | D        | Killed a balrug
  3312 | D        | Got Sif Muna's Catalogue of Blistering Protection
  3556 | D        | Entered arena 23.
  3562 | D        | Noticed a purple draconian knight
  3562 | D        | Noticed a purple draconian knight
  3562 | D        | Noticed a green draconian scorcher
  3563 | D        | Found the brooch of Shielding {Spirit SH+8}
  3563 | D        | Noticed a purple draconian monk
  3563 | D        | Identified the +5 war axe of Undoing {speed, *Noise rF+
                  | rN++ Dex+4}
  3563 | D        | Noticed a purple draconian monk
  3563 | D        | Noticed a black draconian shifter
  3564 | D        | Noticed a white draconian knight
  3564 | D        | Noticed a red draconian scorcher
  3564 | D        | Identified the +6 quarterstaff of Harmony {vamp, +Fly rN+
                  | Dex+4 SInv}
  3576 | D        | Noticed a red draconian scorcher
  3578 | D        | Killed a purple draconian monk
  3578 | D        | Reached skill level 15 in Fire Magic
  3579 | D        | Received a gift from Okawaru
  3580 | D        | Found a transporter.
  3583 | D        | Killed from afar by a white draconian

Illustrated notes

Levels and vault maps discovered:
D:        sprint_v [room_start, room_1, room_2, room_3, room_4, room_5, room_6,
          room_7, room_8, room_9, room_10, room_11, room_12, room_13, room_14,
          room_15, room_16, room_17, room_18, room_19, room_20, room_21,
          room_22, room_23, room_24, room_25, room_26, room_27]

Skill      XL: |  1  2  3  4  5  6  7  8  9 10 11 12 13 14 15 |
---------------+----------------------------------------------+-----
Fighting       | 2 3 4 5 6 7 8 10 12 13 15 16 | 16.5
Short Blades   | 2 3 4 5 6 7 8 10 12 13 15 16 | 16.5
Long Blades    | 2 3 4 5 6 7 8 10 12 13 15 16 | 16.5
Axes           | 2 3 4 5 6 7 8 10 12 13 15 16 | 16.7
Maces & Flails | 2 3 4 5 6 7 8 10 12 13 15 16 | 16.5
Polearms       | 2 3 4 5 6 7 8 10 12 13 15 16 | 16.5
Staves         | 2 3 4 5 6 7 8 10 12 13 15 16 | 16.5
Slings         | 2 3 4 5 6 7 8 10 12 13 15 16 | 16.5
Bows           | 2 3 4 5 6 7 8 10 12 13 15 16 | 16.5
Crossbows      | 2 3 4 5 6 7 8 10 12 14 17 19 | 19.7
Throwing       | 2 3 4 5 6 7 8 10 12 13 15 16 | 16.5
Armour         | 2 3 4 5 6 7 8 10 12 13 15 16 | 16.5
Dodging        | 5 6 7 8 9 11 12 14 15 17 | 17.0
Shields        | 2 3 4 5 6 7 8 10 12 13 15 16 | 16.5
Unarmed Combat | 2 3 4 5 6 7 8 10 12 13 15 16 | 16.5
Spellcasting   | 5 6 7 8 9 11 13 14 15 17 | 17.1
Conjurations   | 2 3 4 5 6 7 9 10 11 13 14 | 14.4
Hexes          | 1 2 4 5 6 8 9 10 11 12 14 | 14.3
Charms         | 1 2 4 5 6 8 9 10 11 12 14 | 14.3
Summonings     | 1 2 4 5 6 8 9 10 11 12 14 | 14.3
Necromancy     | 1 2 4 5 6 8 9 10 11 12 14 | 14.3
Translocations | 1 2 4 5 6 8 9 10 11 12 14 | 14.3
Transmutations | 1 2 4 5 6 8 9 10 11 12 14 | 14.3
Ice Magic      | 1 2 4 5 6 8 9 10 11 12 14 | 14.3
Air Magic      | 1 2 4 5 6 8 9 10 11 12 14 | 14.3
Earth Magic    | 1 2 4 5 6 8 9 10 11 12 14 | 14.3
Poison Magic   | 1 2 4 5 6 8 9 11 13 15 17 | 17.4
Invocations    | 2 3 5 6 7 9 11 13 14 16 17 | 17.8
Evocations     | 2 3 4 5 6 7 8 10 12 13 15 16 | 16.5
Stealth        | 5 6 7 8 9 11 12 14 15 16 | 16.9
Fire Magic     | 6 7 8 10 11 12 13 15 | 15.1

Action                   |  1- 3 |  4- 6 |  7- 9 | 10-12 | 13-15 || total
-------------------------+-------+-------+-------+-------+-------++-------
Melee: Double sword      |     4 |    10 |    28 |    81 |   113 ||   236
       Bite              |     1 |     3 |     4 |    15 |    16 ||    39
 Cast: Fireball          |       |       |       |     3 |     4 ||     7
Invok: Heroism           |       |       |     1 |     7 |     7 ||    15
       Finesse           |       |       |       |     7 |     7 ||    14
  Use: Potion            |     2 |       |     1 |     3 |    15 ||    21
       Scroll            |       |       |       |     2 |     1 ||     3
 Stab: Invisible         |     1 |     4 |       |       |       ||     5
       Sleeping          |     1 |       |       |       |       ||     1
  Eat: Chunk             |       |       |       |     3 |     1 ||     4
       Ration            |       |       |       |       |     3 ||     3
Armor: Fire dragon scale |       |     3 |     9 |     9 |    24 ||    45
Dodge: Dodged            |       |     1 |     6 |    12 |    25 ||    44
Block: Kite shield       |     6 |     8 |    52 |    89 |   150 ||   305
       Reflection        |       |       |       |       |     1 ||     1
       Rpst.: Double sword |       |     1 |     2 |     2 |     3 ||     8
